[Event "Team 45 45 League T90"]
[Site "Internet Chess Club"]
[Date "2021.11.26"]
[Round "8"]
[White "Conjurer"]
[Black "SeniorCitizen"]
[Result "0-1"]
[WhiteElo "1105"]
[BlackElo "1317"]
[Opening "Queen's pawn game"]
[ECO "D02"]
[Time "13:01:46"]
[PlyCount "72"]
[TimeControl "2700+45"]

1. d4 d5 2. Nf3 e6 3. Bf4 Nf6 4. e3 Nbd7 5. h3 c5 6. c3 cxd4 7. cxd4 Ne4 8. Bd3
Ndf6 9. Nc3 a6 10. O-O Bd7 11. Rc1 Bc6 12. Ne5 Be7 13. Bc2 O-O 14. f3 Nxc3 15.
bxc3 Be8 16. Rb1 b5 17. Qe2 Nh5 18. Bh2 f5 19. g4 fxg4 20. hxg4 Nf6 21. Bg3 Bd6
22. Qh2 g6 23. Bf4 Bxe5 24. Bxe5 Nd7 25. Bd6 Rf7 26. Rf2 Nb6 27. Be5 Nc4 28. Re1
Nxe5 29. Qxe5 Qf6 30. Qg3 Rg7 31. Rh2 Bd7 32. g5 Qf7 33. Qe5 Rf8 34. f4 Qe7 35.
Ree2 Rc8 36. Bb3 Rxc3 {White forfeits on time} 0-1

[Event "Team 45 45 League T90"]
[Site "Internet Chess Club"]
[Date "2021.11.25"]
[Round "8"]
[White "PsyMar"]
[Black "Balderdash"]
[Result "1-0"]
[WhiteElo "1299"]
[BlackElo "1196"]
[Opening "Scotch opening"]
[ECO "C44"]
[Time "09:00:14"]
[PlyCount "73"]
[TimeControl "2700+45"]

1. e4 e5 2. Nf3 Nc6 3. d4 Bd6 4. d5 Nce7 5. c4 c6 6. Nc3 c5 7. Bd2 a6 8. Bd3 Ng6
9. Ne2 Nf4 10. Nxf4 exf4 11. e5 Bb8 12. Bxf4 Ne7 13. d6 Nc6 14. O-O O-O 15. Bg5
Qe8 16. Re1 Qe6 17. Be7 Nxe7 18. Ng5 Qh6 19. Nxh7 Ng6 20. Nxf8 Nxf8 21. a4 Ne6
22. Re3 Nd4 23. Rh3 Qe6 24. Bh7+ Kf8 25. Bf5 g6 26. Bxe6 Nxe6 27. g3 Ng5 28. Rh4
b5 29. Rh8+ Kg7 30. Rxc8 b4 31. Kg2 Ne6 32. h4 Nf8 33. Qg4 b3 34. Qg5 a5 35.
Qf6+ Kh6 36. Rxf8 Kh5 37. Qg5# {Black checkmated} 1-0

[Event "Team 45 45 League T90"]
[Site "Internet Chess Club"]
[Date "2021.11.28"]
[Round "8"]
[White "Gojira"]
[Black "DaveTheRook"]
[Result "1-0"]
[WhiteElo "1575"]
[BlackElo "1392"]
[Opening "Queen's pawn game"]
[ECO "D00"]
[Time "13:02:47"]
[PlyCount "101"]
[TimeControl "2700+45"]

1. d4 Nf6 2. Nc3 d5 3. Bf4 e6 4. e3 Bb4 5. Bd3 O-O 6. Ne2 b6 7. a3 Bd6 8. Bg3 c6
9. e4 dxe4 10. Nxe4 Bxg3 11. hxg3 h6 12. Qd2 Bb7 13. f3 Nxe4 14. Bxe4 f5 15. Bd3
Ba6 16. O-O-O Bxd3 17. Qxd3 Re8 18. Rh5 Nd7 19. Qc4 Kh8 20. Nf4 Nf8 21. Re1 Qf6
22. Re5 Rad8 23. Qxc6 Rc8 24. Qa4 Qd8 25. c3 Qc7 26. Qb3 Qc6 27. Kb1 a5 28. Rb5
Rb8 29. Rh1 Kh7 30. Re1 g5 31. Nd3 Nd7 32. Ne5 Nxe5 33. Rbxe5 Rbd8 34. Rxe6 Rxe6
35. Qxe6 Qxe6 36. Rxe6 Rb8 37. Kc2 b5 38. Rf6 Re8 39. Kd2 b4 40. axb4 axb4 41.
Rxf5 bxc3+ 42. bxc3 Kg6 43. Re5 Ra8 44. Re2 Ra2+ 45. Kd3 Ra1 46. d5 Kf5 47. Kd4
Rd1+ 48. Kc5 Rc1 49. c4 Rd1 50. d6 Kf6 51. Kc6 {Black resigns} 1-0

[Event "Team 45 45 League T90"]
[Site "Internet Chess Club"]
[Date "2021.11.27"]
[Round "8"]
[White "piirimae"]
[Black "rkjulianjr"]
[Result "1-0"]
[WhiteElo "1280"]
[BlackElo "1298"]
[Opening "KP: Indian opening"]
[ECO "C20"]
[Time "08:02:22"]
[PlyCount "57"]
[TimeControl "2700+45"]

1. e4 e5 2. d3 d5 3. exd5 Qxd5 4. Nf3 Nc6 5. Be2 Bg4 6. O-O O-O-O 7. Nc3 Qe6 8.
Ng5 Bxe2 9. Nxe6 Bxd1 10. Nxd8 Kxd8 11. Nxd1 Bd6 12. c3 Nge7 13. b4 Nd5 14. b5
Nce7 15. Be3 b6 16. d4 Ng6 17. dxe5 Bxe5 18. Bd4 Bd6 19. Bxg7 Rg8 20. Bd4 Nh4
21. g3 Nf3+ 22. Kh1 Rg6 23. Ne3 Rh6 24. h4 Nf4 25. gxf4 Rxh4+ 26. Kg2 Rxf4 27.
Rh1 Nh4+ 28. Rxh4 Rxh4 29. Bf6+ {Black resigns} 1-0

[Event "Team 45 45 League T90"]
[Site "Internet Chess Club"]
[Date "2021.11.27"]
[Round "8"]
[White "CMAlge"]
[Black "smsxman"]
[Result "1/2-1/2"]
[WhiteElo "1241"]
[BlackElo "1434"]
[Opening "Queen's pawn: Chigorin variation"]
[ECO "D00"]
[Time "10:01:20"]
[PlyCount "157"]
[TimeControl "2700+45"]

1. d4 d5 2. Nc3 e6 3. Bf4 Bd6 4. e3 Bxf4 5. exf4 Nf6 6. Bd3 a6 7. Qf3 Nc6 8. a3
Nxd4 9. Qe3 c5 10. Qd2 Bd7 11. b4 b6 12. Rb1 Nc6 13. Nf3 c4 14. Be2 b5 15. Ne5
Qb6 16. a4 Rd8 17. Bf3 Nd4 18. Qd1 Nxf3+ 19. Qxf3 Bc8 20. a5 Qa7 21. Nc6 Qd7 22.
Nxd8 Qxd8 23. O-O O-O 24. Rbd1 Bb7 25. Ne2 Qa8 26. Nd4 Ne4 27. c3 Qb8 28. Rfe1
e5 29. fxe5 Qxe5 30. Re3 Qb8 31. Qg4 Bc8 32. Qh5 Nf6 33. Qe5 Qa8 34. Qg5 h6 35.
Qg3 Ne4 36. Qe5 Nf6 37. Rg3 Kh8 38. Nf5 Rg8 39. Nxh6 Re8 40. Qg5 Bg4 41. Nxf7+
Kg8 42. Nh6+ Kf8 43. Nxg4 Ne4 44. Qf4+ Ke7 45. Qe5+ Kf8 46. Rf3+ Kg8 47. Qf5 Nd6
48. Qh5 Re6 49. Rh3 Qe8 50. Nf6+ Rxf6 51. Qh8+ Kf7 52. Qxe8+ Kxe8 53. Re3+ Kf7
54. Rde1 Ne4 55. f3 Nxc3 56. Rxc3 d4 57. Rcc1 d3 58. Kf2 d2 59. Rcd1 dxe1=Q+ 60.
Rxe1 Rd6 61. Ke2 Rd3 62. Rd1 Rb3 63. Rd7+ Kg8 64. Ra7 Rxb4 65. Rxa6 Rb2+ 66. Kd1
c3 67. Rc6 b4 68. a6 Kh7 69. g4 Rxh2 70. Rb6 Rb2 71. f4 b3 72. Kc1 Rc2+ 73. Kb1
Rb2+ 74. Kc1 g6 75. a7 Rc2+ 76. Kb1 Rb2+ 77. Kc1 Rc2+ 78. Kb1 Rb2+ 79. Kc1 {Game
drawn by repetition} 1/2-1/2

[Event "Team 45 45 League T90"]
[Site "Internet Chess Club"]
[Date "2021.11.27"]
[Round "8"]
[White "burlap"]
[Black "Fulmar"]
[Result "1-0"]
[WhiteElo "1037"]
[BlackElo "1273"]
[Opening "Queen's pawn, Mason variation"]
[ECO "D00"]
[Time "18:30:17"]
[PlyCount "39"]
[TimeControl "2700+45"]

1. d4 d5 2. Bf4 e6 3. e3 Bd6 4. Bxd6 Qxd6 5. Bd3 Nf6 6. Nf3 Qb4+ 7. Nbd2 Qxb2 8.
O-O Qa3 9. Ne5 O-O 10. c4 dxc4 11. Ndxc4 Qe7 12. Re1 Rd8 13. Rc1 b6 14. Qf3 Nd5
15. Bxh7+ Kxh7 16. Nxf7 Rf8 17. Qh5+ Kg8 18. Nce5 Rxf7 19. Ng6 Qf6 20. Qh8#
{Black checkmated} 1-0